 Dungeon Crawl Stone Soup version 0.29.1-12-g30fa7ad0bf (webtiles) character file.

Game seed: 3156400874473676045

899 DemonSlayer the Digger (level 7, -5/47 HPs)
             Began as a Demonspawn Earth Elementalist on Jan 16, 2023.
             Engulfed by a cloud of steam (19 damage)
             ... on level 6 of the Dungeon.
             The game lasted 00:09:52 (5673 turns).

DemonSlayer the Digger (DsEE)                       Turns: 5673, Time: 00:09:53

Health: -5/47      AC:  5    Str:  8    XL:     7   Next: 79%
Magic:  10/15      EV: 12    Int: 18    God:
Gold:   273        SH:  0    Dex: 14    Spells: 2/17 levels left

rFire   . . .      SeeInvis .   c - +2 whip (flame)
rCold   + . .      Faith    .   (no shield)
rNeg    . . .      Spirit   .   m - +2 robe {rC+}
rPois   .          Reflect  .   (no helmet)
rElec   .          Harm     .   (no cloak)
rCorr   .          Rampage  .   n - +0 pair of gloves
Will    .....                   (no boots)
Stlth   ++........              (no amulet)
HPRegen 0.15/turn               (no ring)
MPRegen 0.14/turn               (no ring)

@: no status effects
A: hooves 2, powered by death 1
a: no special abilities


You were on level 6 of the Dungeon.
You visited 1 branch of the dungeon, and saw 6 of its levels.

You collected 273 gold pieces.

Inventory:

Hand Weapons
 c - a +2 whip of flaming (weapon)
Armour
 m - a +2 robe of cold resistance (worn)
 n - a +0 pair of gloves (worn)
Wands
 e - a wand of charming (43)
Scrolls
 a - 2 scrolls of brand weapon {unknown}
 f - a scroll of immolation {unknown}
 g - 4 scrolls of identify {unknown}
 h - 2 scrolls of amnesia {unknown}
 k - a scroll of poison {unknown}
 l - a scroll of torment {unknown}
 o - a scroll of acquirement {unknown}
 t - a scroll of teleportation {unknown}
Potions
 b - 4 potions of magic
 d - a potion of resistance {unknown}
 i - a potion of cancellation {unknown}
 j - a potion of ambrosia {unknown}
 p - 3 potions of curing {unknown}
 q - 2 potions of might {unknown}
 r - a potion of haste
 s - a potion of heal wounds {unknown}
 u - a potion of lignification {unknown}
 v - a potion of degeneration {unknown}


   Skills:
 + Level 0.3 Fighting
 + Level 0.3 Maces & Flails
 + Level 0.2 Armour
 + Level 2.1 Dodging
 + Level 2.3 Stealth
 + Level 5.8 Spellcasting
 + Level 0.8 Transmutations
 + Level 6.1 Earth Magic


You had 2 spell levels left.
You knew the following spells:

 Your Spells              Type           Power      Damage    Failure   Level
a - Sandblast             Erth           54%        2d13      1%          1
b - Stone Arrow           Conj/Erth      32%        3d9       11%         3
c - Ensorcelled Hibernat  Hex/Ice        10%        N/A       19%         2
d - Summon Guardian Gole  Hex/Summ       5%         N/A       36%         3
e - Passwall              Tmut/Erth      14%        N/A       4%          2
f - Petrify               Tmut/Erth      17%        N/A       28%         4

Your spell library contained the following spells:

 Spells                   Type           Power      Damage    Failure   Level
 Summon Small Mammal      Summ           20%        N/A       12%         1
 Call Canine Familiar     Summ           5%         N/A       36%         3
 Swiftness                Air            5%         N/A       36%         3


Dungeon Overview and Level Annotations

Branches:
Dungeon (6/15)
 Temple: D:4-7

Altars:
Gozag
Uskayaw
Yredelemnul


Innate Abilities, Weirdness & Mutations

You have hoof-like feet.
You regenerate a little health from kills.


Message History

You feel sick.
You feel sick.
You feel sick.
You feel sick.
You feel sick.
You feel sick.
You feel sick.
You feel sick.
You are no longer poisoned.
A steam dragon comes into view.
A steam dragon is nearby!
A steam dragon is nearby!
A steam dragon is nearby!
The blast of sand hits the steam dragon.
The steam dragon is lightly wounded.
The steam dragon hisses angrily.
The blast of sand hits the steam dragon.
The steam dragon is lightly wounded.
The steam dragon bites you.
The steam dragon claws you but does no damage.
The blast of sand hits the steam dragon!
The steam dragon is heavily wounded.
The steam dragon breathes steam at you. The ball of steam hits you.
The steam dragon bites you! The steam dragon claws you.
The blast of sand hits the steam dragon!
The steam dragon is severely wounded.
You are engulfed in a cloud of scalding steam.
The steam dragon bites you. The steam dragon claws you.
* * * LOW HITPOINT WARNING * * *
Casting: Sandblast (safe; 1% risk of failure)
Confirm with . or Enter, or press ? or * to list all spells.
Aiming: Sandblast (safe; 1% risk of failure)
Press: ? - help, Shift-Dir - straight line, f/p - steam dragon
Aim: a steam dragon (severely wounded, 83% to hit)
The blast of sand hits the steam dragon!
You kill the steam dragon!
The steam dragon scales are intact enough to wear.
You are engulfed in a cloud of scalding steam.
You die...

#.# # #.############
.#
###......>.....##.###
##...# #..........#
.....#####........#
###........###.####
###..#####.# #.#
.....# #.#
#.####.#### ##....
#.# #ยงยง@[......
....... #.#
#.####.#### ........
.....!#
##..)......../.#
#......##.##### #


There were no monsters in sight!

Vanquished Creatures
  Sigmund (D:3)
  A steam dragon (D:6)
  An ogre (D:5)
  A centaur (D:5)
  2 necrophages
  A scorpion (D:6)
  2 orc priests (D:4)
  2 hounds
  An iguana (D:5)
  Jessica (D:2)
  Natasha (thrice) (D:2)
  4 adders
  A white imp (D:5)
  An ufetubus (D:6)
  2 worms (D:2)
  A dart slug (D:1)
  5 orcs
  4 bats
  5 endoplasms
  6 giant cockroaches
  6 goblins
  8 hobgoblins
  3 jackals (D:4)
  4 quokkas
  7 ball pythons
  2 frilled lizards
  12 kobolds
  8 rats
95 creatures vanquished.

Notes
Turn   | Place    | Note
-------+----------+-------------------------------------------
     0 | D:1      | DemonSlayer the Demonspawn Earth Elementalist began the
                  | quest for the Orb.
     0 | D:1      | Reached XP level 1. HP: 13/13 MP: 3/3
   134 | D:1      | Reached skill level 3 in Earth Magic
   276 | D:1      | Discovered your monstrous ancestry.
   276 | D:1      | Gained mutation: You have large cloven feet. [demonic
                  | ancestry]
   276 | D:1      | Reached XP level 2. HP: 19/19 MP: 3/5
   323 | D:1      | Found a faded altar of an unknown god.
  1074 | D:2      | Gained mutation: You have hoof-like feet. [demonic
                  | ancestry]
  1074 | D:2      | Reached XP level 3. HP: 24/24 MP: 3/6
  1531 | D:2      | Noticed Natasha
  1540 | D:2      | Killed Natasha
  1541 | D:2      | Gained mutation: You regenerate a little health from kills.
                  | [demonic ancestry]
  1541 | D:2      | Reached XP level 4. HP: 23/30 MP: 3/8
  1696 | D:2      | Noticed Jessica
  1699 | D:2      | Killed Jessica
  1952 | D:2      | Noticed Natasha
  1955 | D:2      | Killed Natasha
  1956 | D:2      | Reached XP level 5. HP: 28/35 MP: 6/10
  2068 | D:2      | Noticed Natasha
  2074 | D:2      | Killed Natasha
  2121 | D:2      | Learned a level 3 spell: Stone Arrow
  2124 | D:2      | Learned a level 2 spell: Ensorcelled Hibernation
  2128 | D:2      | Learned a level 3 spell: Summon Guardian Golem
  2131 | D:2      | Learned a level 2 spell: Passwall
  2363 | D:3      | Noticed Sigmund
  2370 | D:3      | Killed Sigmund
  2371 | D:3      | Reached skill level 4 in Earth Magic
  2371 | D:3      | Reached XP level 6. HP: 39/41 MP: 5/13
  3409 | D:4      | Reached skill level 5 in Spellcasting
  3590 | D:4      | Reached skill level 5 in Earth Magic
  3590 | D:4      | Reached XP level 7. HP: 46/46 MP: 8/14
  3670 | D:4      | Found an opulent altar of Gozag.
  4551 | D:5      | Entered Level 5 of the Dungeon
  4580 | D:5      | Found a basalt altar of Yredelemnul.
  5014 | D:5      | Reached skill level 6 in Earth Magic
  5302 | D:5      | Found a hide-covered altar of Uskayaw.
  5317 | D:5      | Learned a level 4 spell: Petrify
  5666 | D:6      | Noticed a steam dragon
  5673 | D:6      | Killed a steam dragon
  5673 | D:6      | Engulfed by a cloud of steam

Illustrated notes

Levels and vault maps discovered:
D:1:      ebering_trefoil_3fold, layout_loops_ring,
          ebering_ecumenical_altar_webs
D:2:      layout_loops_cross, uniq_natasha, uniq_jessica
D:3:      layout_loops_cross, minmay_statues_item, nicolae_figureground_pulse,
          uniq_sigmund
D:4:      layout_layer_cave, nicolae_overflow_crystal_walls,
          minmay_misc_feat_enclosed, roderic_three_in_a_row
D:5:      layout_rooms, nicolae_overflow_hidden_temple, kennysheep_mini_moat
D:6:      layout_loops_ring, okawaru_metal_pillars_1_2, marbit_many_paths,
          temple_green, serial_shops, shop

Skill      XL: |  1  2  3  4  5  6  7 |
---------------+----------------------+-----
Earth Magic    | 3 4 5 6 |  6.1
Dodging        | 2 |  2.1
Stealth        | 2 |  2.3
Spellcasting   | 3 4 5 |  5.8
Fighting       | |  0.3
Maces & Flails | |  0.3
Armour         | |  0.2
Transmutations | |  0.8

Action                   |  1- 3 |  4- 6 |  7- 9 || total
-------------------------+-------+-------+-------++-------
Melee: Whip              |    11 |     3 |     2 ||    16
       Kick              |     1 |       |       ||     1
 Cast: Sandblast         |    45 |    75 |    40 ||   160
Armor: Robe              |     1 |    12 |     7 ||    20
       Leather armour    |     2 |       |       ||     2
Dodge: Dodged            |    18 |    33 |    20 ||    71
